Map: Battle on the Boardwalk LE

Players

ISWI - Winner!

  • Race: Zerg Zerg
  • League: Diamond
  • Spawn Location: 1:00

Dessa

  • Race: Zerg Zerg
  • League: Diamond
  • Spawn Location: 11:00

VOD

Have the link to the VOD?

Description

Time

  • Played on: Jan. 18, 2018, 7:50 a.m.
  • Length: 5:38
Show
View Real Time Build Order
Export as new Build Order

ISWI Zerg - Winner!

Build Orders: Hatch First 

Get SALT Encoding   

  12  0:02  Drone  
  13  0:12  Overlord  
  13  0:18  Drone  
  14  0:31  Drone x2  
  14  0:35  Drone  
  17  0:52  Hatchery  
  17  0:55  Drone  
  17  0:58  Drone  
  18  1:09  Drone  
  19  1:11  Extractor  
  19  1:17  Spawning Pool  
  17  1:20  Drone  
  18  1:28  Drone  
  19  1:43  Overlord  
  19  1:54  Drone  
  20  2:03  Drone  
  20  2:05  Queen x2  
  26  2:08  Zergling x2  
  26  2:10  Metabolic Boost  
  26  2:20  Drone  
  26  2:21  Drone  
  28  2:24  Drone  
  29  2:33  Drone, Baneling Nest  
  29  2:36  Zergling x2  
  30  2:41  Overlord  
  30  2:50  Zergling x4  
  32  3:01  Drone  
  32  3:03  Hatchery  
  32  3:07  Drone  
  32  3:08  Drone  
  32  3:10  Drone  
  35  3:15  Queen  
  37  3:29  Zergling x2, Overlord  
  37  3:30  Zergling x4  
  40  3:39  Overlord  
  40  3:42  Drone x3  
  42  3:53  Zergling x4  
  42  3:54  Zergling x2  
  45  3:55  Baneling  
  45  3:56  Baneling x2  
  45  4:04  Zergling x2  
  45  4:05  Zergling x2  
  47  4:12  Drone x3, Evolution Chamber  
  47  4:13  Extractor  
  42  4:32  Zergling x12  
  42  4:33  Zergling x6  
  50  4:39  Drone x4  
  54  4:47  Zergling x4  
  54  4:48  Baneling x2  
  54  4:51  Zergling x4  
  58  4:59  Roach Warren  
Show
View Real Time Build Order
Export as new Build Order

Dessa Zerg 

Build Orders: Hatch First 

Get SALT Encoding   

  12  0:01  Drone  
  13  0:13  Overlord  
  13  0:17  Drone  
  14  0:32  Drone x2  
  16  0:35  Drone  
  17  0:55  Hatchery  
  16  0:57  Drone  
  16  1:02  Drone, Extractor  
  17  1:18  Spawning Pool  
  16  1:20  Drone  
  16  1:25  Drone  
  18  1:31  Overlord  
  18  1:42  Drone  
  19  1:51  Drone  
  20  2:05  Metabolic Boost  
  20  2:06  Zergling x2, Queen  
  23  2:11  Queen  
  23  2:15  Drone  
  26  2:18  Zergling x2  
  27  2:30  Baneling Nest, Drone  
  27  2:32  Drone  
  28  2:40  Drone  
  28  2:44  Queen  
  31  2:53  Drone  
  31  2:54  Drone  
  31  2:57  Overlord  
  33  3:00  Drone  
  33  3:05  Zergling x2  
  33  3:06  Zergling x2  
  33  3:09  Drone  
  33  3:11  Extractor  
  35  3:16  Drone  
  36  3:34  Baneling x2  
  36  3:38  Drone x3  
  36  3:39  Overlord  
  39  3:52  Queen  
  39  3:54  Hatchery  
  38  4:06  Roach Warren  
  38  4:08  Evolution Chamber x2  
  35  4:16  Drone x4  
  39  4:19  Drone  
  39  4:20  Drone  
  38  4:33  Zergling x4  
  38  4:34  Zergling x6  
  38  4:37  Zergling x2  
  38  4:38  Baneling x2  
  43  4:48  Queen  
  43  4:51  Zergling x2  
  46  4:58  Drone x3  
  49  5:07  Drone x3  
  41  5:21  Baneling  
Tags
 
Add a new tag
Caveats
  • Supply blocks, unpowered buildings, or Contaminate may cause inaccurate times.
  • Supply counts are checked every 10 seconds.